 Dungeon Crawl Stone Soup version 0.20.0-10-g0535bb4 (webtiles) character file.

101 Peloso the Skirmisher (level 4, -1/41 HPs)
             Began as a Minotaur Fighter on June 4, 2017.
             Slain by Sigmund
             ... wielding a +0 scythe
              (11 damage)
             ... on level 2 of the Dungeon.
             The game lasted 00:02:08 (1146 turns).

Peloso the Skirmisher (Minotaur Fighter)            Turns: 1146, Time: 00:02:10

Health: -1/41      AC:  9    Str: 21    XL:     4   Next: 48%
Magic:  3/3        EV:  6    Int:  5    God:
Gold:   88         SH:  9    Dex: 10    Spells: 3/3 levels left

rFire    . . .     SeeInvis .   a - +0 long sword
rCold    . . .     Gourm    .   c - +0 shield
rNeg     . . .     Faith    .   n - +0 chain mail
rPois    .         Spirit   .   (helmet restricted)
rElec    .         Reflect  .   (no cloak)
rCorr    .         Harm     .   (no gloves)
MR       .....                  (no boots)
Stlth    ..........             (no amulet)
Regen    0.2/turn               (no ring)
MPRegen  0.1/turn               (no ring)

@: no status effects
A: retaliatory headbutt, horns 2
a: no special abilities


You were on level 2 of the Dungeon.
You were not hungry.

You visited 1 branch of the dungeon, and saw 2 of its levels.

You collected 88 gold pieces.

Inventory:

Hand Weapons
 a - a +0 long sword (weapon)
Armour
 c - a +0 shield (worn)
 n - a +0 chain mail (worn)
Scrolls
 e - 2 scrolls of teleportation {unknown}
 g - a scroll of fear {unknown}
 h - a scroll of remove curse {unknown}
 i - 3 scrolls of identify {unknown}
 j - a scroll of immolation {unknown}
 m - a scroll of recharging {unknown}
Potions
 b - 2 potions of magic {unknown}
 d - 2 potions of might
 k - a potion of lignification {unknown}
 l - a potion of curing {unknown}
Comestibles
 f - a bread ration
 o - a chunk of flesh


   Skills:
 + Level 4.4 Fighting
 + Level 3.2 Long Blades
 + Level 4.3 Armour
 + Level 1.3 Dodging
 + Level 4.4 Shields


You had 3 spell levels left.
You didn't know any spells.

Dungeon Overview and Level Annotations

Branches:
Dungeon (2/15)

Altars:
Ashenzari
Qazlal

Annotations:
D:2 Sigmund


Innate Abilities, Weirdness & Mutations

You reflexively headbutt those who attack you in melee.
You have a pair of horns on your head.


Message History

Sigmund flickers and vanishes!
Deactivating autopickup; reactivate with Ctrl-A.
There is a strange disturbance nearby!
Something hits you.
You closely miss something. Something hits you!
You closely miss something.
You hear some strange, mumbled words.
A puff of flame appears from out of thin air!
The puff of flame hits you!
Your shield and chain mail prevent you from hitting something.
You block something's attack.
You closely miss something. Something hits you but does no damage.
You closely miss something. Something hits you.
You closely miss something. You headbutt something! Something hits you.
* * * LOW HITPOINT WARNING * * *
Your shield prevents you from hitting something.
You headbutt something! Something hits you but does no damage.
You hit something but do no damage. Your headbutt misses something.
You closely miss something. Your headbutt misses something. Something hits you!
You die...

#.##.##...#######
#.##.........#
#.###..####### #
#.# #..# ##. #.#
#..# ... #..# .
.. #†.#
#...#.###..#
......{@...#
..........##
##.########


There were no monsters in sight!

Vanquished Creatures
  3 gnolls (D:2)
  2 adders (D:2)
  2 oozes (D:2)
  4 worms (D:2)
  2 giant cockroaches (D:1)
  6 goblins
  A hobgoblin (D:2)
  2 jackals (D:1)
  6 kobolds (D:1)
  5 bats
  A frilled lizard (D:1)
  6 rats
40 creatures vanquished.

Notes
Turn   | Place    | Note
-------+----------+-------------------------------------------
     0 | D:1      | Peloso the Minotaur Fighter began the quest for the Orb.
     0 | D:1      | Reached XP level 1. HP: 19/19 MP: 0/0
    72 | D:1      | Found a shattered altar of Ashenzari.
    78 | D:1      | Reached XP level 2. HP: 27/27 MP: 1/1
   539 | D:2      | Reached XP level 3. HP: 33/33 MP: 2/2
   566 | D:2      | Reached XP level 4. HP: 7/41 MP: 3/3
   952 | D:2      | Reached skill level 1 in Dodging
  1089 | D:2      | Found a stormy altar of Qazlal.
  1134 | D:2      | Noticed Sigmund
  1146 | D:2      | Slain by Sigmund

Skill      XL: |  1  2  3  4 |
---------------+-------------+-----
Armour         | 4 |  4.3
Shields        | 4 |  4.4
Fighting       | 4 |  4.4
Long Blades    | 3 |  3.2
Dodging        | 1 |  1.3

Action                   |  1- 3 |  4- 6 || total
-------------------------+-------+-------++-------
Melee: Long sword        |    63 |    37 ||   100
       Headbutt          |    12 |    11 ||    23
  Eat: Chunk             |       |     1 ||     1
Armor: Scale mail        |    39 |     6 ||    45
       Chain mail        |       |     6 ||     6
Dodge: Dodged            |    24 |     7 ||    31
Block: Shield            |    53 |    11 ||    64
       Rpst.: Long sword |     5 |     2 ||     7
